 Dungeon Crawl Stone Soup version 0.31-a0-1118-gbca3d03946 (webtiles) character file.

Game seed: 9114282261848818949

927 gruber the Skirmisher (level 7, -4/56 HPs)
             Began as a Minotaur Hunter on Dec 4, 2023.
             Splashed by a jelly's acid (7 damage)
             ... on level 5 of the Dungeon.
             The game lasted 00:02:33 (4055 turns).

gruber the Skirmisher (Minotaur Hunter)             Turns: 4055, Time: 00:02:34

Health: -4/56      AC: -3    Str: 16    XL:     7   Next: 85%
Magic:  0/6        EV: 12    Int:  6    God:
Gold:   322        SH:  0    Dex: 15    Spells: 6/6 levels left

rFire   . . .        a - +0 shortbow
rCold   . . .        (shield currently unavailable)
rNeg    . . .        c - +0 leather armour
rPois   .            (helmet restricted)
rElec   .            s - +0 cloak
rCorr   .            l - +0 pair of gloves
SInv    .            (no boots)
Will    .....        j - amulet of guardian spirit
Stlth   +            (no ring)
HPRegen 0.29/turn    (no ring)
MPRegen 0.10/turn

%: guardian spirit
@: corroded
A: horns 2, retaliatory headbutt
a: no special abilities


You were on level 5 of the Dungeon.
You visited 1 branch of the dungeon, and saw 5 of its levels.

You collected 322 gold pieces.

Inventory:

Hand Weapons
 a - a +0 shortbow (weapon)
Armour
 c - a +0 leather armour (worn)
 l - a +0 pair of gloves (worn)
 s - a +0 cloak (worn)
Jewellery
 j - an amulet of guardian spirit (around neck)
Scrolls
 b - a scroll of butterflies
 f - 2 scrolls of identify {unknown}
 h - 2 scrolls of blinking {unknown}
 m - a scroll of immolation {unknown}
 t - a scroll of revelation {unknown}
Potions
 d - 2 potions of invisibility {unknown}
 e - 2 potions of ambrosia {unknown}
 g - 3 potions of lignification {unknown}
 i - 2 potions of mutation {unknown}
 k - a potion of heal wounds {unknown}
 n - a potion of degeneration {unknown}
 o - 3 potions of curing {unknown}
 p - a potion of brilliance {unknown}
 q - 2 potions of haste {unknown}
 r - a potion of might {unknown}


   Skills:
 - Level 2.4 Fighting
 + Level 10.8 Ranged Weapons
 - Level 2.1 Dodging
 - Level 0.7 Stealth


You had 6 spell levels left.
You didn't know any spells.
Your spell library contained the following spells:

 Spells                   Type           Power      Damage    Failure   Level
 Magic Dart               Conj           0%         1d3       52%         1
 Call Imp                 Summ           0%         N/A       67%         2
 Mephitic Cloud           Conj/Pois/Air  0%         N/A       88%         3


Dungeon Overview and Level Annotations

Branches:
Dungeon (5/15)
 Temple: D:4-7

Altars:

Shops:
D:4 (


Innate Abilities, Weirdness & Mutations

You have a pair of horns on your head.
You reflexively headbutt those who attack you in melee.


Message History

You shoot an arrow. The arrow barely misses the gnoll.
The arrow hits the gnoll!
The gnoll is heavily wounded.
The gnoll hits you but does no damage.
You shoot an arrow. The arrow barely misses the gnoll.
The arrow hits the gnoll.
The gnoll is severely wounded.
The gnoll closely misses you.
You shoot an arrow. The arrow closely misses the gnoll. x2
A jelly comes into view.
The gnoll completely misses you.
You shoot an arrow. The arrow barely misses the gnoll.
The arrow hits the gnoll!
You kill the gnoll!
The gnoll hits you but does no damage.
You shoot an arrow. The arrow hits the gnoll!
The gnoll is almost dead.
The gnoll barely misses you.
You shoot an arrow. The arrow closely misses the gnoll.
You shoot an arrow. The arrow closely misses the gnoll.
The gnoll hits you from afar with a +0 spear.
* * * LOW HITPOINT WARNING * * *
You shoot an arrow. The arrow hits the gnoll!
You kill the gnoll!
The jelly hits you but does no damage.
You shoot an arrow. The arrow hits the jelly.
The jelly is lightly wounded.
The jelly hits you.
* * * LOW HITPOINT WARNING * * *
The acid corrodes you!
You are splashed with acid!
* * * LOW HITPOINT WARNING * * *
Unknown command.
Unknown command.
You shoot an arrow.
The arrow hits the jelly but does no damage.
The jelly is lightly wounded.
The jelly hits you.
* * * LOW HITPOINT WARNING * * *
The acid corrodes you!
You are splashed with acid!
You die...

## ...........# .# ..........##.
.# .........#.. .# ....... #.# .#
..... #.# # .# .). #.# # .#######
#)# #.# ###### #
.......#########.#####.###....###
.#####..........@J.##......†....†
..# #...........)<...###..##.###
#.# #................##...##.###
#.####....................###.##.
#....#...........................
####.........####.##.......##.#..
..####......### #..#..........#.#
..# #........####.........)....#
#.## #.....##...##....####.†#.#..


You could see a jelly.

Vanquished Creatures
  A black bear (D:4)
  An ogre (D:5)
  A phantom (D:5)
  A scorpion (D:5)
  A howler monkey (D:5)
  5 hounds (D:5)
  2 orc priests (D:4)
  2 sleepcaps (D:5)
  3 iguanas
  2 orc wizards (D:3)
  7 gnolls
  5 adders
  2 worms
  11 orcs
  6 endoplasms
  A giant cockroach (D:2)
  8 goblins
  7 hobgoblins
  4 jackals (D:2)
  6 kobolds
  4 quokkas
  4 ball pythons (D:3)
  3 bats
  2 frilled lizards (D:1)
  4 rats
  A spectral kobold (D:1)
94 creatures vanquished.

Notes
Turn   | Place    | Note
-------+----------+-------------------------------------------
     0 | D:1      | gruber the Minotaur Hunter began the quest for the Orb.
     0 | D:1      | Reached XP level 1. HP: 18/18 MP: 0/0
   239 | D:1      | Reached XP level 2. HP: 25/25 MP: 1/1
   269 | D:1      | Found a faded altar of an unknown god.
   275 | D:1      | Reached skill level 5 in Ranged Weapons
   913 | D:2      | Reached XP level 3. HP: 29/30 MP: 2/2
  1266 | D:2      | Reached skill level 6 in Ranged Weapons
  1670 | D:3      | Reached XP level 4. HP: 33/37 MP: 3/3
  1932 | D:3      | Reached skill level 7 in Ranged Weapons
  1932 | D:3      | Reached XP level 5. HP: 42/42 MP: 4/4
  2355 | D:4      | Noticed a black bear
  2366 | D:4      | Killed a black bear
  2367 | D:4      | Reached skill level 8 in Ranged Weapons
  2367 | D:4      | Reached XP level 6. HP: 31/50 MP: 2/5
  3364 | D:4      | Found Ofeduext's Weapon Emporium.
  3536 | D:5      | Entered Level 5 of the Dungeon
  3545 | D:5      | Reached skill level 9 in Ranged Weapons
  3580 | D:5      | Reached XP level 7. HP: 35/56 MP: 3/6
  3871 | D:5      | Reached skill level 10 in Ranged Weapons
  3922 | D:5      | Identified the +0 trident of Qouqaz {freeze, rPois rC-
                  | Dex+4}
  4055 | D:5      | Splashed by a jelly's acid

Illustrated notes

Levels and vault maps discovered:
D:1:      erik_arrival_orb_chamber, layout_loops_ring,
          dreamdust_ecumenical_altar_drowned_temple, nicolae_wormholes
D:2:      layout_basic
D:3:      layout_rooms, hangedman_decor_riveting
D:4:      layout_basic, serial_shops, nicolae_shop_scrapyard
D:5:      layout_rooms

Skill      XL: |  1  2  3  4  5  6  7 |
---------------+----------------------+-----
Ranged Weapons | 5 6 7 8 9 10 | 10.8
Fighting       | |  2.4
Dodging        | |  2.1
Stealth        | |  0.7

Action                     |  1- 3 |  4- 6 |  7- 9 || total
---------------------------+-------+-------+-------++-------
   Fire: Shortbow          |   107 |   166 |    89 ||   362
 Armour: Leather armour    |    15 |    55 |    34 ||   104
  Dodge: Dodged            |    25 |    40 |    24 ||    89

Table legend: (Time is in decaauts)
 A = Elapsed time spent in this place.
 B = Non-inter-level travel time spent in this place.
 C = Inter-level travel time spent in this place.
 D = Time resting spent in this place.
 E = Time spent auto-exploring this place.
 F = Levels seen in this place.
 G = Mean time per level.
                   A        B        C        D        E       F      G
               +--------+--------+--------+--------+--------+-----+--------+
         Total |   4081 |   3866 |    215 |     70 |   3230 |   5 |  816.2 |
       Dungeon |   4081 |   3866 |    215 |     70 |   3230 |   5 |  816.2 |
               +--------+--------+--------+--------+--------+-----+--------+

Top non-repeatable levels by time:
     D:4: 1317 daAuts
     D:1: 869 daAuts
     D:2: 809 daAuts
     D:3: 664 daAuts
     D:5: 420 daAuts
